Map: Neon Violet Square LE

Players

Lillekanin - Winner!

  • Race: Terran Terran
  • Spawn Location: 5:00

VitamiN

  • Race: Zerg Zerg
  • Spawn Location: 11:00

Event: WCS Leipzig 2018

VOD

Have the link to the VOD?

Description

Time

  • Played on: Jan. 26, 2018, 7:43 a.m.
  • Length: 4:52

All games in this series

Show
View Real Time Build Order
Export as new Build Order

Lillekanin Terran - Winner!

Build Orders: Gas First Reaper Expand, Reaper Expand, Hellion Banshee 

Get SALT Encoding   

  12  0:00  SCV  
  13  0:12  SCV  
  14  0:17  Supply Depot  
  14  0:24  SCV  
  15  0:30  Refinery  
  15  0:39  SCV  
  16  0:45  Barracks  
  16  0:51  SCV  
  17  1:03  SCV  
  18  1:15  SCV  
  19  1:32  Orbital Command, Reaper  
  20  1:46  Command Center  
  20  1:58  SCV  
  21  2:03  Factory  
  21  2:07  Barracks Reactor  
  21  2:11  SCV  
  21  2:14  Supply Depot  
  22  2:23  SCV  
  22  2:26  Refinery  
  23  2:36  SCV  
  24  2:52  SCV, Starport  
  24  2:58  Barracks Tech Lab  
  25  2:59  Orbital Command  
  25  3:04  Hellion x2  
  29  3:06  SCV  
  30  3:17  Supply Depot  
  30  3:18  SCV  
  31  3:25  SCV  
  32  3:28  Hellion  
  32  3:29  Hellion  
  32  3:30  SCV  
  37  3:37  SCV  
  37  3:39  Banshee  
  41  3:49  Hellion  
  41  3:50  SCV  
  41  3:54  Supply Depot  
  44  3:56  SCV  
  44  4:01  Hellion  
  44  4:02  SCV  
  47  4:08  SCV  
  48  4:12  Hellion  
  48  4:14  SCV  
  51  4:21  SCV  
  52  4:24  Hellion  
  54  4:33  SCV  
  57  4:38  SCV  
  58  4:47  Factory x2  
Show
View Real Time Build Order
Export as new Build Order

VitamiN Zerg 

Build Orders: Pool First 

Get SALT Encoding   

  12  0:01  Drone  
  13  0:13  Overlord  
  13  0:18  Drone  
  14  0:25  Drone, Extractor  
  15  0:31  Drone  
  17  0:35  Drone  
  17  0:47  Spawning Pool  
  16  0:51  Drone  
  17  1:13  Hatchery  
  17  1:17  Drone  
  17  1:32  Extractor  
  16  1:35  Zergling x4  
  16  1:36  Zergling x2  
  16  1:38  Queen  
  21  1:47  Overlord  
  21  2:14  Drone x2, Queen  
  24  2:31  Queen  
  26  2:38  Drone  
  26  2:41  Drone x2  
  26  2:42  Drone x2  
  30  2:51  Overlord  
  30  2:55  Evolution Chamber  
  30  2:57  Pneumatized Carapace  
  29  3:18  Zergling x6  
  29  3:19  Zergling x6  
  35  3:28  Zergling x2  
  35  3:29  Zergling x4  
  37  4:06  Overlord  
  37  4:07  Zergling x10  
  42  4:12  Zergling x2  
  42  4:13  Hatchery  
  42  4:17  Zergling x2  
  40  4:25  Zergling x2  
  40  4:26  Zergling x8  
Tags
 
Add a new tag
Caveats
  • Supply blocks, unpowered buildings, or Contaminate may cause inaccurate times.
  • Supply counts are checked every 10 seconds.